AoeStats
← Voxi

Arabia

506062485Analyzed
1v1 RM · 21d ago on Sep 12, 2026· 52m 46s· 2 players
Game mode
Random Map
Map size
Tiny (2 player)
Population
200
Speed
Normal
Resources
Standard
Victory
Conquest
Starting age
Dark Age
Ending age
Imperial Age
RankedLock teamsTeams togetherTeam positionsShared explorationLock speedFull tech treeHidden civsTurbo modeCheats
Victory
Defeat
🇦🇺 Magyars · Australia
1111
+15
🇩🇪 Malians · Germany
1084
-15
Voxi
7:45 Loom
10:28 Feudal Age
10:31 Man-at-Arms
19:12 Wheelbarrow
21:30 Double-Bit Axe
23:48 Castle Age
21:40 Fletching
24:17 Padded Archer Armor
24:06 Crossbowman
24:14 Pikeman
25:11 Bodkin Arrow
26:49 Bow Saw
29:41 Scale Mail Armor
30:27 Elite Skirmisher
31:26 Leather Archer Armor
32:33 Squires
33:51 Chain Mail Armor
39:48 Horse Collar
47:31 Imperial Age
47:37 Imperial Age
45:24 Hand Cart
45:52 Forging
46:21 Tigui
47:11 Iron Casting
48:00 Elite Gbeto
50:15 Plate Mail Armor
50:24 Onager
Pyrotechnic
6:53 Loom
9:52 Feudal Age
23:01 Castle Age
22:10 Bloodlines
26:01 Fletching
29:25 Bodkin Arrow
36:48 Thumb Ring
36:45 Padded Archer Armor
36:31 Elite Skirmisher
44:50 Imperial Age
42:37 Husbandry
44:25 Scale Barding Armor
45:59 Chain Barding Armor
47:31 Plate Barding Armor
47:41 Conscription
47:48 Cavalier
Connection lost

Rejoining the realm…

Still unreachable

The connection could not be restored.

Session expired

The server has moved on; the page needs a fresh start.